 Dungeon Crawl Stone Soup version 0.23.1 (webtiles) character file.

Game seed: 12934231210639108879

10 Borgoz the Sneak (level 2, 0/22 HPs)
             Began as a Ghoul Enchanter on Mar 2, 2019.
             Slain by a leopard gecko (1 damage)
             ... on level 1 of the Dungeon.
             The game lasted 00:01:18 (446 turns).

Borgoz the Sneak (Ghoul Enchanter)                   Turns: 446, Time: 00:01:19

Health: 0/22       AC:  3    Str: 11    XL:     2   Next: 20%
Magic:  2/3        EV: 11    Int: 10    God:
Gold:   53         SH:  0    Dex:  9    Spells: 1/4 levels left

rFire    . . .     SeeInvis .   a - +2 dagger
rCold    + . .     Gourm    .   (no shield)
rNeg     + + +     Faith    .   g - +0 leather armour
rPois    ∞         Spirit   .   (no helmet)
rElec    .         Reflect  .   (no cloak)
rCorr    .         Harm     .   (no gloves)
MR       .....                  (no boots)
Stlth    +.........             (no amulet)
HPRegen  0.00/turn              e - ring of attention (curse)
MPRegen  0.08/turn              (no ring)

@: rotting
A: rotting body, claws 1, carnivore, cold resistance 1, negative energy
resistance 3, inhibited regeneration, torment resistance, unbreathing
a: no special abilities


You were on level 1 of the Dungeon.
You were not hungry.

You visited 1 branch of the dungeon, and saw 1 of its levels.

You collected 53 gold pieces.

Inventory:

Hand Weapons
 a - a +2 dagger (weapon)
Armour
 g - a +0 leather armour (worn)
 i - a +0 ring mail
Jewellery
 e - a cursed ring of attention (left claw)
Potions
 b - a potion of might {unknown}
Comestibles
 d - 2 rations
 f - a chunk of flesh


   Skills:
 + Level 0.8 Fighting
 * Level 1.3 Short Blades
 + Level 1.9 Dodging
 + Level 3.4 Stealth
 - Level 1.7 Spellcasting
 - Level 2.4 Hexes


You had one spell level left.
You knew the following spells:

 Your Spells              Type           Power        Failure   Level  Hunger
a - Corona                Hex            #......      16%         1    ##.....
b - Ensorcelled Hibernat  Hex/Ice        #.....       36%         2    ###....

Your spell library contained the following spells:

 Spells                   Type           Power        Failure   Level  Hunger
 Confuse                  Hex            #.......     43%         3    ####...
 Tukima's Dance           Hex            #.......     43%         3    ####...
 Dazzling Spray           Conj/Hex       #.....       61%         3    ####...


Dungeon Overview and Level Annotations

Branches:
Dungeon (1/15)

Altars:


Innate Abilities, Weirdness & Mutations

Your body is rotting away.
You thrive on raw meat.
You are immune to poison.
You have sharp fingernails.
You are carnivorous and can eat meat at any time.
Your flesh is cold resistant. (rC+)
You are immune to negative energy. (rN+++)
You do not regenerate when monsters are visible.
You are immune to unholy pain and torment.
You can survive without breathing.


Message History

The leopard gecko bites you.
* * * LOW HITPOINT WARNING * * *
Found a scroll labeled SON MULYDYURAIL.
A rat comes into view.
Found a hand axe.
As you read the scroll labeled SON MULYDYURAIL, it crumbles to dust.
It is a scroll of amnesia.
Okay, then.
As you read the scroll labeled ITENOI FUBAIB, it crumbles to dust.
It is a scroll of enchant weapon.
Your +1 dagger glows red for a moment.
The rat twitches its whiskers.
The leopard gecko bites you.
* * * LOW HITPOINT WARNING * * *
The leopard gecko bites you but does no damage.
The leopard gecko barely misses you.
Found a shield.
You barely miss the rat. The leopard gecko closely misses you.
The leopard gecko bites you.
You die...

#........##
##..#
########..##
#....#
##..##..#.#
##.......#
##.....###
####....###
........####
###..##..gl#####
.###.#
####l@...# ##
.... ###r......
># ##.#####
...?...
.####......#
......[
...........#
.......
....>......#
...)...
...#.......#
.......
.####......#
....... ##
#......#


You could see a gnoll, 2 leopard geckos and a rat.

Vanquished Creatures
  A dart slug (D:1)
  2 bats (D:1)
  A giant cockroach (D:1)
  A kobold (D:1)
  A frilled lizard (D:1)
  2 rats (D:1)
8 creatures vanquished.

Notes
Turn   | Place    | Note
-------+----------+-------------------------------------------
     0 | D:1      | Borgoz the Ghoul Enchanter began the quest for the Orb.
     0 | D:1      | Reached XP level 1. HP: 14/14 MP: 2/2
    31 | D:1      | Reached skill level 1 in Short Blades
   254 | D:1      | Reached XP level 2. HP: 22/22 MP: 3/3
   258 | D:1      | Learned a level 2 spell: Ensorcelled Hibernation
   444 | D:1      | HP: 1/22 [leopard gecko (4)]
   446 | D:1      | Slain by a leopard gecko

Skill      XL: |  1 |
---------------+----+-----
Short Blades   | 1 |  1.3
Fighting       | |  0.8
Dodging        | |  1.9
Stealth        | |  3.4
Spellcasting   | |  1.7
Hexes          | |  2.4

Action                   || total
-------------------------++-------
Melee: Dagger            ||    65
 Cast: Ensorcelled Hiber ||     1
       Corona            ||     1
  Use: Scroll            ||     3
       Potion            ||     1
  Eat: Chunk             ||     2
Armor: Robe              ||    15
       Leather armour    ||     4
Dodge: Dodged            ||    43
